 Dungeon Crawl Stone Soup version 0.19.0-2-gae57169 (webtiles) character file.

106 Mesmaeker13 the Sneak (level 4, 0/30 HPs)
             Began as a Vampire Enchanter on Nov 4, 2016.
             Succumbed to an adder's poison
             ... on level 2 of the Dungeon.
             The game lasted 00:08:12 (2046 turns).

Mesmaeker13 the Sneak (Vampire Enchanter)           Turns: 2046, Time: 00:08:12

Health: 0/30       AC:  4    Str:  8    XL:     4   Next: 55%
Magic:  0/8        EV: 12    Int: 17    God:
Gold:   150        SH:  0    Dex: 14    Spells: 3 memorised, 1 level left

rFire  . . .     SeeInvis +     a - +1 dagger
rCold  . . .     Gourm    .     b - +1 robe
rNeg   + . .     Faith    .     (no shield)
rPois  .         Spirit   .     (no helmet)
rElec  .         Reflect  .     (no cloak)
rCorr  .         Harm     .     (no gloves)
MR     .....                    k - +0 pair of boots
Stlth  +++.......               (no amulet)
                                (no ring)
                                f - ring of flight

@: lethally poisoned (0 -> -1)
A: fangs 3, see invisible, unbreathing
a: Bat Form, Evoke Flight


You were on level 2 of the Dungeon.
You were not thirsty.

You visited 1 branch of the dungeon, and saw 3 of its levels.

You collected 150 gold pieces.

Inventory:

Hand Weapons
 a - a +1 dagger (weapon)
 h - a +0 blowgun
Missiles
 e - 58 poisoned needles
Armour
 b - a +1 robe (worn)
 k - a +0 pair of boots (worn)
Jewellery
 f - a ring of flight (left hand)
Scrolls
 g - a scroll of teleportation
 i - a scroll of fog
 j - a scroll of noise {unknown}
 l - a scroll of enchant armour {unknown}
Books
 c - a book of Maledictions

   Spells                             Type                      Level
   a - Corona                         Hexes                        1
   b - Ensorcelled Hibernation        Hexes/Ice                    2
   c - Confuse                        Hexes                        3
   d - Tukima's Dance                 Hexes                        3
   e - Dazzling Spray                 Conjuration/Hexes            3


   Skills:
 + Level 2.6 Short Blades
 - Level 2.1 Dodging
 + Level 5.6 Stealth
 + Level 2.7 Spellcasting
 + Level 5.3 Hexes


You had one spell level left.
You knew the following spells:

 Your Spells              Type           Power        Failure   Level  Hunger
a - Corona                Hex            ###....      1%          1    #......
b - Confuse               Hex            ###.....     8%          3    ###....
c - Tukima's Dance        Hex            ###.....     8%          3    ###....


Dungeon Overview and Level Annotations

Branches:
Dungeon (3/15)

Altars:
Fedhas


Innate Abilities, Weirdness & Mutations

You have razor-sharp teeth.
You have supernaturally acute eyesight. (SInv)
You can survive without breathing.


Message History

You feel sick.
The orc hits your falchion of slicing with a long sword!
Your falchion of slicing falls from the air.
A quokka comes into view.
You feel sick.
The orc stops glowing.
An adder skeleton comes into view.
You feel sick.
There is a stone staircase leading up here.
You climb upwards.
You feel sick.
There is a stone staircase leading down here.
Yummy - fresh blood!
The orc closely misses you.
Yummy - fresh blood!
The orc hits you.
* * * LOW HITPOINT WARNING * * *
Casting: Corona
Confirm with . or Enter, or press ? or * to list all spells.
Aiming: Confuse
Press: ? - help, Shift-Dir - straight line, f - orc
Aim: an orc (chance to defeat MR: 67%)
The orc appears confused.
You die...

####### #.....#
#.รท...#######
#.o@........##
#...>.#####..#######
###.### ##.......#
#.# #######.. #.#
### #.# #.# #.# #.#


You could see an orc (confused).

Vanquished Creatures
  Jessica (D:2)
  2 adders
  An ooze (D:1)
  2 dart slugs (D:2)
  2 leopard geckos (D:3)
  2 orcs
  6 bats
  3 giant cockroaches
  6 goblins
  9 hobgoblins
  6 kobolds
  A ball python (D:2)
  4 frilled lizards
  4 rats
49 creatures vanquished.

Vanquished Creatures (others)
  2 dancing weapons (D:3)
2 creatures vanquished.

Grand Total: 51 creatures vanquished

Notes
Turn   | Place    | Note
-------+----------+-------------------------------------------
     0 | D:1      | Mesmaeker13 the Vampire Enchanter began the quest for the Orb.
     0 | D:1      | Reached XP level 1. HP: 13/13 MP: 3/3
   566 | D:1      | Reached XP level 2. HP: 15/19 MP: 0/5
   819 | D:1      | You fall through a shaft!
   819 | D:2      | Noticed Jessica
   820 | D:2      | Killed Jessica
   820 | D:2      | Reached skill level 5 in Stealth
   820 | D:2      | Reached XP level 3. HP: 24/24 MP: 6/6
   856 | D:2      | Learned a level 3 spell: Confuse
   960 | D:2      | Found a faded altar of an unknown god.
  1215 | D:1      | Reached skill level 5 in Hexes
  1338 | D:2      | Found a blossoming altar of Fedhas.
  1447 | D:2      | Reached XP level 4. HP: 30/30 MP: 7/7
  1775 | D:3      | Learned a level 3 spell: Tukima's Dance
  2044 | D:2      | HP: 1/30 [orc (3)]
  2046 | D:2      | Succumbed to an adder's poison

Skill      XL: |  1  2  3 |
---------------+----------+-----
Short Blades   | 2 |  2.6
Stealth        | 5 |  5.6
Hexes          | 5 |  5.3
Dodging        | |  2.1
Spellcasting   | |  2.7

Action                   |  1- 3 |  4- 6 || total
-------------------------+-------+-------++-------
Melee: Dagger            |   116 |    56 ||   172
       Bite              |     8 |     2 ||    10
 Cast: Corona            |    19 |    10 ||    29
       Confuse           |     2 |     8 ||    10
       Tukima's Dance    |       |     2 ||     2
  Use: Scroll            |     2 |       ||     2
       Potion            |     1 |     6 ||     7
 Stab: Sleeping          |     5 |     6 ||    11
       Confused          |     1 |     1 ||     2
Armor: Robe              |    18 |    19 ||    37
Dodge: Dodged            |    72 |    28 ||   100
